 Dungeon Crawl Stone Soup version 0.27-a0-1228-gfd60fd639a (webtiles) character file.

Game seed: 6676252910776205408

2905 siradein the Skirmisher (level 9, -3/43 HPs)
             Began as a Vine Stalker Fighter on June 7, 2021.
             Was a Believer of Ru.
             Slain by a gnoll sergeant
             ... wielding a +0 glaive
              (8 damage)
             ... in a bailey.
             The game lasted 00:18:28 (6427 turns).

siradein the Skirmisher (Vine Stalker Fighter)      Turns: 6427, Time: 00:18:29

Health: -3/43      AC: 11    Str: 17    XL:     9   Next: 78%
Magic:  0/18       EV:  7    Int: 11    God:    Ru [**....]
Gold:   213        SH: 11    Dex: 22    Spells: 19/19 levels left

rFire    . . .     SeeInvis .   r - +5 scimitar "Sec Fesm" {flame, Str-3 Int+3 Dex+6}
rCold    . . .     Faith    .   c - +0 kite shield
rNeg     . . .     Spirit   +   b - +0 scale mail
rPois    .         Reflect  .   A - +0 helmet
rElec    .         Harm     .   y - scarf {repulsion}
rCorr    .         Rampage  .   l - +0 pair of gloves
Will     +....                  v - +0 pair of boots
Stlth    ..........             u - amulet of magic regeneration
HPRegen  1.14/turn              (no ring)
MPRegen  0.41/turn              (no ring)

@: repel missiles
A: fangs 3, frail 1, regeneration 1, magic shield, antimagic bite, no potion
heal 2
a: Renounce Religion


You were in a bailey.
You worshipped Ru.
Ru was pleased with you.
You visited 2 branches of the dungeon, and saw 9 of its levels.
You also visited: Bailey.

You collected 429 gold pieces.
You spent 216 gold pieces at shops.

Inventory:

Hand Weapons
 r - the +5 scimitar "Sec Fesm" (weapon) {flame, Str-3 Int+3 Dex+6}
   (You bought it in a shop on level 1 of the Dungeon)

   It has been specially enchanted to burn those struck by it, causing extra
   injury to most foes and up to half again as much damage against particularly
   susceptible opponents.
   Big, fiery blades are also staple armaments of hydra-hunters.
   It affects your strength (-3).
   It affects your intelligence (+3).
   It affects your dexterity (+6).
Missiles
 a - 7 javelins
 e - 128 stones (quivered)
 k - 75 poisoned darts
 q - 2 datura-tipped darts
 F - 5 throwing nets
 I - 3 atropa-tipped darts
Armour
 b - a +0 scale mail (worn)
 c - a +0 kite shield (worn)
 l - a +0 pair of gloves (worn)
 v - a +0 pair of boots (worn)
 y - a scarf of repulsion (worn)
 A - a +0 helmet (worn)
Jewellery
 o - an amulet of reflection
 u - an amulet of magic regeneration (around neck)
 E - an amulet of regeneration
Wands
 B - a wand of flame (41)
 G - a wand of acid (10)
Scrolls
 f - a scroll of immolation
 j - a scroll of noise
 s - 3 scrolls of teleportation {unknown}
 w - 5 scrolls of enchant weapon {unknown}
 C - 2 scrolls of enchant armour {unknown}
 D - a scroll of brand weapon {unknown}
Potions
 d - 4 potions of might
 g - 2 potions of attraction
 h - a potion of magic
 i - a potion of degeneration {unknown}
 m - 2 potions of cancellation {unknown}
 n - 2 potions of flight
 p - 2 potions of lignification {unknown}
 t - a potion of invisibility {unknown}
 x - 2 potions of brilliance
 z - a potion of mutation {unknown}
 H - 3 potions of haste {unknown}


   Skills:
 + Level 6.1 Fighting
 + Level 5.5 Long Blades
 + Level 5.5 Armour
 + Level 6.0 Shields
 + Level 5.7 Spellcasting


You had 19 spell levels left.
You didn't know any spells.
Your spell library contained the following spells:

 Spells                   Type           Power      Damage    Failure   Level
 Animate Skeleton         Necr           6%         N/A       89%         1
 Magic Dart               Conj           12%        1d3       89%         1
 Pain                     Necr           12%        1d4       89%         1
 Sandblast                Erth           6%         2d5       89%         1
 Shock                    Conj/Air       12%        1d3       89%         1
 Passwall                 Tmut/Erth      2%         N/A       96%         2
 Searing Ray              Conj           6%         3d3       96%         2
 Static Discharge         Conj/Air       3%         N/A       96%         2
 Dazzling Flash           Conj/Hex       6%         N/A       99%         3
 Stone Arrow              Conj/Erth      6%         3d7       99%         3
 Swiftness                Air            3%         N/A       99%         3
 Vampiric Draining        Necr           1%         2d6       99%         3
 Airstrike                Air            1%         N/A       100%        4
 Animate Dead             Necr           1%         N/A       100%        4
 Fulminant Prism          Conj/Hex       1%         3d6       100%        4
 Iskenderun's Mystic Bla  Conj/Tloc      3%         2d3       100%        4
 Petrify                  Tmut/Erth      3%         N/A       100%        4
 Agony                    Necr           3%         N/A       100%        5
 Lee's Rapid Deconstruct  Erth           1%         3d5*      100%        5
 Lightning Bolt           Conj/Air       1%         1d12      100%        5


Dungeon Overview and Level Annotations

Branches:
Dungeon (8/15)             Temple (1/1) D:5          Bailey (1/1)
   Lair: D:8-11

Altars:
Ashenzari
Cheibriados
Dithmenos
Elyvilon
Fedhas
Gozag
Hepliaklqana
Kikubaaqudgha
Makhleb
Nemelex Xobeh
Okawaru
Qazlal
Ru
Sif Muna
Trog
Uskayaw
Vehumet
Wu Jian
Yredelemnul
Zin
The Shining One

Shops:
D:1 (   D:3 :(*?[

Annotations:
D:5 1 runed translucent door, Dordric's ghost, novice OpTm
D:7 3 runed translucent doors, oc3rt's ghost, novice OpBe


Innate Abilities, Weirdness & Mutations

You have razor-sharp teeth.
You are frail. (-10% HP)
Your natural rate of healing is unusually fast.
When hurt, damage is shared between your health and your magic reserves.
Your bite disrupts and absorbs the magic of your enemies.
Potions cannot restore your health.


Message History

You block the gnoll sergeant's attack.
There is an open door here.
You hit the gnoll sergeant but do no damage.
You bite the gnoll sergeant, but do no damage.
The gnoll sergeant hits you but does no damage.
You closely miss the gnoll sergeant.
You bite the gnoll sergeant, but do no damage.
The gnoll sergeant hits you with a +0 glaive.
The gnoll sergeant barely misses you.
You riposte.
You slash the gnoll sergeant! You burn the gnoll sergeant.
You bite the gnoll sergeant! You drain its power.
You feel invigorated.
The gnoll sergeant is severely wounded.
You barely miss the gnoll sergeant. Your bite misses the gnoll sergeant.
The gnoll sergeant is severely wounded.
You block the gnoll sergeant's attack.
The gnoll sergeant hits you from afar with a +0 glaive!
The gnoll sergeant closely misses you.
The gnoll sergeant hits you from afar with a +0 glaive.
You hit the gnoll sergeant but do no damage.
You bite the gnoll sergeant. You drain its power.
You feel invigorated.
The gnoll sergeant is severely wounded.
You block the gnoll sergeant's attack.
The gnoll sergeant hits you with a +0 glaive!
* * * LOW HITPOINT WARNING * * *
The gnoll sergeant hits you from afar with a +0 glaive.
* * * LOW HITPOINT WARNING * * *
The gnoll sergeant barely misses you. You block the gnoll sergeant's attack.
There is an open door here.
You redirect the gnoll shaman's attack!
The gnoll sergeant hits you from afar with a +0 glaive!
* * * LOW HITPOINT WARNING * * *
The gnoll sergeant hits you from afar with a +0 glaive!
* * * LOW HITPOINT WARNING * * *
The gnoll shaman invokes the aid of its god against you.
You resist with almost no effort.
The gnoll shaman begins to pray, but is stunned by your conviction!
You block the gnoll sergeant's attack.
The gnoll sergeant hits you from afar with a +0 glaive!
You die...

#..g#.....#
##g##gg..8#
##...##....#
##..g..##...#
#.......#g..# ♣≈
#..g8...#'### ♣≈
#...g...#gg.#≈♣ ♣≈
##.....##g..#≈♣ ♣≈
##.@)##....#≈♣ ♣≈
##)## ...8#≈♣ ♣≈
#.).#.....#≈♣ ♣≈##
#...#+#####≈♣ ♣≈.#
#...# #.≈♣
♣≈.######'''######.≈♣
♣≈.))..............≈♣
♣≈≈))....)........≈≈♣
♣♣≈≈≈≈≈≈≈...≈≈≈≈≈≈≈♣♣


You could see 3 gnoll sergeants and a gnoll shaman (fast).

Vanquished Creatures
  Pikel (D:7)
  A water moccasin (D:5)
  An ice beast (D:6)
  2 sky beasts
  2 ogres
  4 phantoms
  A lemure (D:7)
  Blork the orc (D:6)
  2 gnoll sergeants (Bailey)
  3 bullfrogs (D:7)
  4 howler monkeys
  A centaur zombie (D:6)
  A bullfrog zombie (D:5)
  2 jellies
  2 gnoll shamans (Bailey)
  An orc priest (D:6)
  2 bullfrog skeletons
  8 hounds
  6 iguanas
  3 orc wizards
  Terence (D:1)
  A scorpion zombie (D:5)
  A howler monkey skeleton (D:6)
  4 adders
  13 gnolls
  3 shadow imps
  2 worms
  4 dart slugs
  17 orcs
  2 bats (D:3)
  8 endoplasms
  6 giant cockroaches
  10 goblins
  6 hobgoblins
  2 jackals (D:3)
  3 quokkas
  4 ball pythons
  2 frilled lizards (D:3)
  5 kobolds
  6 rats
148 creatures vanquished.

Vanquished Creatures (others)
  3 plants (D:3)
3 creatures vanquished.

Grand Total: 151 creatures vanquished

Notes
Turn   | Place    | Note
-------+----------+-------------------------------------------
     0 | D:1      | siradein the Vine Stalker Fighter began the quest for the
                  | Orb.
     0 | D:1      | Reached XP level 1. HP: 11/11 MP: 2/2
   194 | D:1      | Reached XP level 2. HP: 5/16 MP: 3/3
   710 | D:1      | Found a faded altar of an unknown god.
   828 | D:1      | Found Vidoh's Antique Weapon Boutique.
   885 | D:1      | Reached XP level 3. HP: 16/19 MP: 5/5
  1051 | D:1      | Found a stormy altar of Qazlal.
  1104 | D:2      | Noticed Terence
  1126 | D:1      | Killed Terence
  1127 | D:1      | Reached skill level 1 in Spellcasting
  1377 | D:2      | Gained mutation: Your natural rate of healing is unusually
                  | fast. [Vine Stalker growth]
  1377 | D:2      | Reached XP level 4. HP: 14/24 MP: 5/7
  1775 | D:3      | Found Estio's Antique Armour Shoppe.
  1894 | D:3      | Reached XP level 5. HP: 27/28 MP: 6/8
  1947 | D:3      | Found Amyxoduu's Book Boutique.
  1976 | D:3      | Found Ylaxzi's Antique Weapon Shop.
  2174 | D:3      | Found Taig's Assorted Antiques.
  2302 | D:3      | Found Joeh's Magic Scroll Shoppe.
  2763 | D:4      | Noticed an ogre
  2793 | D:4      | Killed an ogre
  2794 | D:4      | Reached XP level 6. HP: 32/32 MP: 10/10
  3272 | D:5      | Entered Level 5 of the Dungeon
  3403 | D:5      | Reached XP level 7. HP: 27/37 MP: 8/12
  3443 | D:5      | Found a staircase to the Ecumenical Temple.
  3466 | Temple   | Entered the Ecumenical Temple
  3638 | Temple   | Became a worshipper of Ru the Awakened
  3804 | D:5      | Found a runed translucent door.
  3804 | D:5      | Noticed Dordric's ghost (novice OpTm)
  3919 | D:5      | Gained mutation: You have razor-sharp teeth. [Vine Stalker
                  | growth]
  3919 | D:5      | Reached XP level 8. HP: 39/42 MP: 12/14
  4541 | D:1      | Bought a masterwork scimitar for 216 gold pieces
  4541 | D:1      | Identified the +5 scimitar "Sec Fesm" {flame, Str-3 Int+3
                  | Dex+6} (You bought it in a shop on level 1 of the Dungeon)
  4739 | D:6      | Reached skill level 5 in Fighting
  4760 | D:6      | Reached skill level 5 in Shields
  4824 | D:6      | Noticed Blork the orc
  4832 | D:6      | Killed Blork the orc
  4906 | D:6      | Gained mutation: You are frail. (-10% HP) [Ru sacrifice]
  4906 | D:6      | Reached * piety under Ru
  4906 | D:6      | Reached ** piety under Ru
  5398 | D:7      | Reached XP level 9. HP: 42/42 MP: 15/17
  5413 | D:7      | Reached skill level 5 in Armour
  5468 | D:7      | Noticed Pikel
  5501 | D:7      | Killed Pikel
  5502 | D:7      | Reached skill level 5 in Long Blades
  5502 | D:7      | Reached skill level 5 in Spellcasting
  5884 | D:7      | Found a runed translucent gate.
  5884 | D:7      | Noticed oc3rt's ghost (novice OpBe)
  5885 | D:7      | Found a runed translucent gate.
  5885 | D:7      | Found a runed translucent gate.
  6153 | D:8      | Found a flagged portal.
  6170 | Bailey   | Entered a bailey
  6424 | Bailey   | HP: 1/43 [gnoll sergeant/+0 glaive (8)]
  6427 | Bailey   | Slain by a gnoll sergeant

Illustrated notes

Levels and vault maps discovered:
D:1:      dpeg_arrival_lava_altar, layout_basic, serial_shops, shop_fountains,
          shapermc_ecumenical_altar_mp_highgroup
D:2:      layout_rooms, uniq_terence
D:3:      layout_loops_ring, serial_shops, shop, shop, nicolae_shop_trees,
          nicolae_shop_stone, nicolae_shop_statue_plus, serial_bayou_pond_a
D:4:      layout_loops_ring, eino_small_chamber_without_monster
D:5:      layout_loops_ring, minmay_temple_entry_statues_pillars,
          gammafunk_ghost_grave
D:6:      layout_basic, wad_floor_pattern_untrapped, minmay_misc_feat_enclosed,
          uniq_blork_the_orc
D:7:      layout_loops_ring, ebering_ghost_rock_garden, uniq_pikel
D:8:      layout_cave_pools, nicolae_overflow_crystal_walls,
          david_lair_shrubbed, enter_bailey_2, nicolae_zen_rock_garden,
          minmay_misc_feat_secret_circle, bh_walls_and_bars, uniq_maurice
Temple:   minmay_crystal_snake_temple
Bailey:   bailey_polearm_gnolls_kennysheep, bailey

Skill      XL: |  1  2  3  4  5  6  7  8  9 |
---------------+----------------------------+-----
Long Blades    | 2 3 4 5 |  5.5
Fighting       | 3 4 5 6 |  6.1
Shields        | 3 4 5 6 |  6.0
Spellcasting   | 1 2 3 4 5 |  5.7
Armour         | 3 4 5 |  5.5

Action                   |  1- 3 |  4- 6 |  7- 9 || total
-------------------------+-------+-------+-------++-------
Melee: Long sword        |    79 |   161 |    98 ||   338
       Bite              |    29 |    56 |    99 ||   184
       Scimitar          |       |       |   114 ||   114
Invok: Sacrifice Health  |       |       |     1 ||     1
  Use: Scroll            |       |       |     6 ||     6
Armor: Scale mail        |    37 |    57 |    95 ||   189
Dodge: Dodged            |    17 |    38 |    73 ||   128
Block: Kite shield       |    36 |   100 |   129 ||   265
       Reflection        |       |     1 |       ||     1
       Rpst.: Long sword |     9 |    11 |    13 ||    33
       Scimitar          |       |       |    13 ||    13

Table legend: (Time is in decaauts)
 A = Elapsed time spent in this place.
 B = Non-inter-level travel time spent in this place.
 C = Inter-level travel time spent in this place.
 D = Time resting spent in this place.
 E = Time spent auto-exploring this place.
 F = Levels seen in this place.
 G = Mean time per level.
                   A        B        C        D        E       F      G
               +--------+--------+--------+--------+--------+-----+--------+
         Total |   6634 |   6250 |    384 |     20 |   4844 |  10 |  663.4 |
       Dungeon |   6155 |   5807 |    348 |     16 |   4550 |   8 |  769.4 |
        Temple |    208 |    172 |     36 |      0 |    162 |   1 |  208.0 |
        Bailey |    270 |    270 |      0 |      4 |    132 |   1 |  270.0 |
               +--------+--------+--------+--------+--------+-----+--------+

Top non-repeatable levels by time:
     D:1: 1188 daAuts
     D:6: 970 daAuts
     D:4: 842 daAuts
     D:5: 841 daAuts
     D:7: 795 daAuts
     D:3: 787 daAuts
     D:2: 675 daAuts
  Bailey: 270 daAuts
  Temple: 208 daAuts
     D:8: 54 daAuts
